 Dungeon Crawl Stone Soup version 0.20-a0-876-g2c7b0bf (webtiles) character file.

65 GlassEater the Cudgeler (level 3, 0/33 HPs)
             Began as a Minotaur Berserker on Mar 15, 2017.
             Was a Follower of Trog.
             Slain by a goblin (3 damage)
             ... led by Robin
             ... on level 2 of the Dungeon.
             The game lasted 00:01:47 (861 turns).

GlassEater the Cudgeler (Minotaur Berserker)         Turns: 861, Time: 00:01:48

Health: 0/33       AC: 11    Str: 21    XL:     3   Next: 94%
Magic:  2/2        EV:  7    Int:  4    God:    Trog [*.....]
Gold:   114        SH:  0    Dex: 10    Spells: 2/2 levels left

rFire    . . .     SeeInvis .   a - +0 mace
rCold    . . .     Gourm    .   f - +0 plate armour
rNeg     . . .     Faith    .   (no shield)
rPois    .         Spirit   .   (helmet restricted)
rElec    .         Reflect  .   (no cloak)
rCorr    .         Harm     .   (no gloves)
MR       ++...                  (no boots)
Stlth    ..........             (no amulet)
Regen    1.2/turn               (no ring)
MPRegen  0.1/turn               (no ring)

@: exhausted, very slightly contaminated, regenerating, hasted, very quick
A: retaliatory headbutt, horns 2
a: Berserk, Burn Spellbooks, Renounce Religion


You were on level 2 of the Dungeon.
You worshipped Trog.
Trog was aware of your devotion.
You were not hungry.

You visited 1 branch of the dungeon, and saw 2 of its levels.

You collected 114 gold pieces.

Inventory:

Hand Weapons
 a - a +0 mace (weapon)
Missiles
 g - 18 bolts
Armour
 f - a +0 plate armour (worn)
Scrolls
 b - 2 scrolls of remove curse {unknown}
 e - a scroll of identify {unknown}
Comestibles
 c - 2 bread rations
 d - 7 chunks of flesh


   Skills:
 + Level 4.0 Fighting
 + Level 4.6 Maces & Flails
 + Level 3.2 Armour
 + Level 2.9 Dodging


You had 2 spell levels left.
You didn't know any spells.

Dungeon Overview and Level Annotations

Branches:
Dungeon (2/15)

Altars:

Annotations:
D:2 Robin


Innate Abilities, Weirdness & Mutations

You reflexively headbutt those who attack you in melee.
You have a pair of horns on your head.


Message History

Your skin crawls.
You feel resistant to hostile enchantments.
You feel quite a bit more hungry.
You can no longer call upon Trog for regeneration and protection from hostile enchantments.
The hobgoblin no longer looks unusually strong.
The hobgoblin hits you.
* * * LOW HITPOINT WARNING * * *
The goblin barely misses you.
The hobgoblin hits you but does no damage. x2
The goblin hits you but does no damage.
You hit the hobgoblin.
The hobgoblin is heavily wounded.
The hobgoblin hits you.
* * * LOW HITPOINT WARNING * * *
The goblin hits you but does no damage.
Your plate armour prevents you from hitting the hobgoblin.
The hobgoblin is heavily wounded.
The hobgoblin hits you but does no damage.
The goblin hits you.
You die...

#.).............
#....รท........#
##..#.).....!..# ##.
#..##..........###
#..
##.###............##
#.# #..#
#..............
#.###.##
#......?...##
#.##..# #.....ggg..#
#.##.## ##.?..g@g..#
.....# #.....ggg..#
..####
#.............#
....#
#..............
....#
#............##
....# #....).......#
....#
##........#....
....# ##.........##.
....#


You could see Robin, 4 hobgoblins and 3 goblins.

Vanquished Creatures
  3 adders (D:2)
  An ooze (D:1)
  2 dart slugs (D:1)
  A leopard gecko (D:2)
  3 bats (D:2)
  3 giant cockroaches
  5 goblins
  3 hobgoblins
  2 frilled lizards (D:1)
  5 kobolds
  2 rats (D:1)
30 creatures vanquished.

Notes
Turn   | Place    | Note
-------+----------+-------------------------------------------
     0 | D:1      | GlassEater the Minotaur Berserker began the quest for the Orb.
     0 | D:1      | Reached XP level 1. HP: 19/19 MP: 0/0
   177 | D:1      | Reached XP level 2. HP: 27/27 MP: 1/1
   647 | D:2      | Reached XP level 3. HP: 31/33 MP: 2/2
   849 | D:2      | Noticed Robin
   858 | D:2      | Reached ** piety under Trog
   861 | D:2      | Slain by a goblin

Vault maps used:
D:1:      lemuel_arrival_cross
D:2:      marbit_many_paths, uniq_sigmund, uniq_robin

Skill      XL: |  1  2  3 |
---------------+----------+-----
Maces & Flails | 4 |  4.6
Fighting       | 4 |  4.0
Armour         | 3 |  3.2
Dodging        | |  2.9

Action                   || total
-------------------------++-------
Melee: Mace              ||    44
       Headbutt          ||     6
Invok: Berserk           ||     1
       Trog's Hand       ||     1
  Use: Potion            ||     1
  Eat: Chunk             ||     1
Armor: Plate armour      ||    64
       Animal skin       ||     1
Dodge: Dodged            ||    60
